 Dungeon Crawl Stone Soup version 0.27-a0-1188-g73eefd5def (webtiles) character file.

Game seed: 15046846765345511085

289 Kinoniko the Slasher (level 6, 5/43 HPs)
             Began as a Djinni Gladiator on May 21, 2021.
             Quit the game on level 4 of the Dungeon.
             The game lasted 00:03:25 (3948 turns).

Kinoniko the Slasher (Djinni Gladiator)             Turns: 3948, Time: 00:03:26

Health: 5/43       AC:  7    Str: 15    XL:     6   Next: 58%
Gold:   188        EV: 10    Int: 15    God:
                   SH:  0    Dex: 15

rFire    + + .     SeeInvis .   a - +0 long sword
rCold    x . .     Faith    .   (no shield)
rNeg     . . .     Spirit   .   p - +0 scale mail
rPois    ∞         Reflect  .   c - +0 helmet
rElec    .         Harm     .   (no cloak)
rCorr    .         Rampage  .   (no gloves)
Will     .....                  (boots unavailable)
Stlth    ..........             (no amulet)
HPRegen  0.14/turn              g - +6 ring of intelligence
MPRegen  0.00/turn              (no ring)

@: flying
A: sickness immunity, fire resistance 2, cold vulnerability 1, float, innate
caster, hp casting, extra vitality 1
a: no special abilities


You were on level 4 of the Dungeon.
You visited 1 branch of the dungeon, and saw 4 of its levels.

You collected 188 gold pieces.

Inventory:

Hand Weapons
 a - a +0 long sword (weapon)
Missiles
 d - 3 throwing nets (quivered)
Armour
 b - a +0 leather armour
 c - a +0 helmet (worn)
 l - a +0 chain mail
 p - a +0 scale mail (worn)
Jewellery
 g - a +6 ring of intelligence (left hand)
 m - a ring of fire
 q - a ring of fire
Wands
 o - a wand of digging (2)
Scrolls
 f - a scroll of noise {unknown}
 h - 4 scrolls of identify {unknown}
 i - a scroll of amnesia {unknown}
 j - 2 scrolls of enchant armour {unknown}
 k - a scroll of fear {unknown}
 n - a scroll of teleportation {unknown}
Potions
 e - a potion of attraction {unknown}


   Skills:
 + Level 2.3 Fighting
 * Level 6.2 Long Blades
 - Level 1.5 Throwing
 - Level 3.2 Dodging


You had 2 spell levels left.
You knew the following spells:

 Your Spells              Type           Power      Damage    Failure   Level
a - Magic Dart            Conj           0%         1d3       75%         1
b - Call Imp              Summ           0%         N/A       86%         2
Your spell library was empty.

Dungeon Overview and Level Annotations

Branches:
Dungeon (4/15)
 Temple: D:4-7

Altars:
Fedhas
Nemelex Xobeh
Yredelemnul


Innate Abilities, Weirdness & Mutations

You are immune to sickness and miasma.
You are immune to poison.
Your flesh is very heat resistant. (rF++)
You are vulnerable to cold. (rC-)
You float through the air rather than walking.
You learn spells naturally, not from books.
Your magical power is your life essence.
You have superior vitality. (+4 HP)


Message History

The gnoll hits you with a +0 club.
You barely miss the gnoll.
The gnoll is heavily wounded.
The gnoll hits you with a +0 club.
The gnoll hits you from afar with a +0 halberd.
The gnoll barely misses you.
You hit the gnoll.
The gnoll is severely wounded.
The gnoll hits you with a +0 club. The gnoll barely misses you.
The gnoll hits you but does no damage.
You are too injured to fight recklessly!
You are too injured to fight recklessly!
You are too injured to fight recklessly!
You are too injured to fight recklessly!
You are too injured to fight recklessly!
You are too injured to fight recklessly!
You are too injured to fight recklessly!
You are too injured to fight recklessly!
You are too injured to fight recklessly!
You are too injured to fight recklessly!
You are too injured to fight recklessly!
You are too injured to fight recklessly!
You are too injured to fight recklessly!
You are too injured to fight recklessly!
You are too injured to fight recklessly!
You are too injured to fight recklessly!
You barely miss the gnoll.
The gnoll is heavily wounded.
The gnoll hits you with a +0 club.
The hobgoblin hits you from afar with a +0 glaive!
* * * LOW HITPOINT WARNING * * *
The gnoll hits you from afar with a +0 halberd.
* * * LOW HITPOINT WARNING * * *
The gnoll hits you with a +0 club.
* * * LOW HITPOINT WARNING * * *
Are you sure you want to abandon this character and quit the game? (Confirm with "yes".)
Okay, then.
Unknown command.
Unknown command.
Are you sure you want to abandon this character and quit the game? (Confirm with "yes".)

. #..# . #..###### .
...#.... # #.....## # .#
#g..... # ## .# #g#g.
######.>.# #.g# ###
.........# #@g#..)#.
##.###.#.# #....⌠...
##.#.....#######..#...#.
##)#.# #..........# ###
##...# #........#.....#
#.#.###............###
##.#..)..#..#####...#
#........#..# ...#
#..###.###..# ...#


You could see 4 gnolls and a hobgoblin.

Vanquished Creatures
  An ogre (D:4)
  A jelly (D:4)
  An orc wizard (D:4)
  Natasha (thrice) (D:3)
  An adder skeleton (D:4)
  A worm (D:3)
  2 dart slugs
  3 orcs (D:4)
  5 ball pythons
  5 endoplasms
  A giant cockroach (D:1)
  8 goblins
  6 hobgoblins
  6 jackals (D:2)
  5 kobolds
  2 quokkas
  7 bats
  2 frilled lizards
  3 rats (D:1)
63 creatures vanquished.

Notes
Turn   | Place    | Note
-------+----------+-------------------------------------------
     0 | D:1      | Kinoniko the Djinni Gladiator began the quest for the Orb.
     0 | D:1      | Reached XP level 1. HP: 18/18 MP: 0/0
    93 | D:1      | Reached skill level 3 in Long Blades
    98 | D:1      | Reached XP level 2. HP: 9/23 MP: 0/0
   341 | D:1      | Found a faded altar of an unknown god.
   526 | D:1      | Reached XP level 3. HP: 27/28 MP: 0/0
   526 | D:1      | Learned a level 1 spell: Magic Dart
  1158 | D:2      | Reached skill level 4 in Long Blades
  1613 | D:2      | Reached XP level 4. HP: 26/33 MP: 0/0
  2084 | D:3      | Found a sparkling altar of Nemelex Xobeh.
  2246 | D:3      | Found a basalt altar of Yredelemnul.
  2246 | D:3      | Found a blossoming altar of Fedhas.
  2412 | D:3      | Noticed Natasha
  2419 | D:3      | Killed Natasha
  2497 | D:3      | Noticed Natasha
  2501 | D:3      | Killed Natasha
  2502 | D:3      | Reached XP level 5. HP: 38/38 MP: 0/0
  2502 | D:3      | Learned a level 2 spell: Call Imp
  2577 | D:3      | Noticed Natasha
  2589 | D:3      | Killed Natasha
  2590 | D:3      | Reached skill level 5 in Long Blades
  3315 | D:4      | Noticed an ogre
  3325 | D:4      | Killed an ogre
  3326 | D:4      | Reached XP level 6. HP: 11/43 MP: 0/0
  3731 | D:4      | Reached skill level 6 in Long Blades
  3948 | D:4      | Quit the game

Illustrated notes

Levels and vault maps discovered:
D:1:      evilmike_arrival_crescent, layout_rooms, ebering_ecumenical_altar_rust
D:2:      layout_loops_ring, minmay_tripent
D:3:      layout_loops_corners, lemuel_doored_altar,
          gammafunk_temple_overflow_elements, serial_aquarium,
          aquarium_bridge_long_separate [aquarium_subvault_window,
          aquarium_subvault_bridge, aquarium_subvault_bridge,
          aquarium_subvault_wall, aquarium_subvault_bridge,
          aquarium_subvault_window], aquarium_bridge_straight
          [aquarium_subvault_bridge, aquarium_subvault_wall,
          aquarium_subvault_bridge, aquarium_subvault_wall],
          aquarium_window_corner, aquarium_window_1, aquarium_view_2b,
          aquarium_balcony_double_4, aquarium_pool_split, uniq_natasha
D:4:      layout_loops_ring, nicolae_ru_great_annihilating_truth,
          minmay_temple_entry_antechambers, minmay_distorted

Skill      XL: |  1  2  3  4  5  6 |
---------------+-------------------+-----
Long Blades    | 3 4 5 6 |  6.2
Fighting       | |  2.3
Throwing       | |  1.5
Dodging        | |  3.2

Action                   |  1- 3 |  4- 6 || total
-------------------------+-------+-------++-------
Melee: Long sword        |   114 |   109 ||   223
 Stab: Sleeping          |     1 |       ||     1
Armor: Leather armour    |    33 |     5 ||    38
       Chain mail        |       |    31 ||    31
       Scale mail        |       |    19 ||    19
Dodge: Dodged            |    98 |    50 ||   148
       Rpst.: Long sword |    25 |    20 ||    45

Table legend: (Time is in decaauts)
 A = Elapsed time spent in this place.
 B = Non-inter-level travel time spent in this place.
 C = Inter-level travel time spent in this place.
 D = Time resting spent in this place.
 E = Time spent auto-exploring this place.
 F = Levels seen in this place.
 G = Mean time per level.
                   A        B        C        D        E       F      G
               +--------+--------+--------+--------+--------+-----+--------+
         Total |   3987 |   3871 |    116 |    854 |   2550 |   4 |  996.8 |
       Dungeon |   3987 |   3871 |    116 |    854 |   2550 |   4 |  996.8 |
               +--------+--------+--------+--------+--------+-----+--------+

Top non-repeatable levels by time:
     D:3: 1207 daAuts
     D:2: 1119 daAuts
     D:1: 956 daAuts
     D:4: 704 daAuts
